 Dungeon Crawl Stone Soup version 0.28.0-45-g0d030f2227 (webtiles) character file.

Game seed: 4415751553421478283

1211 Ablot the Grasshopper (level 8, -14/64 HPs)
             Began as a Gnoll Warper on Apr 7, 2022.
             Killed from afar by an orc (27 damage)
             ... with a bolt of acid
             ... on level 6 of the Dungeon.
             The game lasted 00:07:33 (7773 turns).

Ablot the Grasshopper (Gnoll Warper)                Turns: 7773, Time: 00:07:33

Health: -14/64     AC:  2    Str: 13    XL:     8   Next: 46%
Magic:  17/17      EV: 13    Int: 13    God:
Gold:   252        SH:  0    Dex: 11    Spells: 17/19 levels left

rFire   . . .      SeeInvis .   d - +1 dagger (venom)
rCold   + . .      Faith    .   (no shield)
rNeg    . . .      Spirit   .   b - +2 leather armour {rC+}
rPois   .          Reflect  .   (no helmet)
rElec   .          Harm     .   (no cloak)
rCorr   .          Rampage  .   t - +0 pair of gloves
Will    .....                   (no boots)
Stlth   ++........              l - amulet of magic regeneration
HPRegen 0.20/turn               C - +4 ring of slaying
MPRegen 0.55/turn               (no ring)

@: corroded
A: fangs 1, strong nose, distributed training
a: no special abilities


You were on level 6 of the Dungeon.
You visited 1 branch of the dungeon, and saw 6 of its levels.

You collected 252 gold pieces.

Inventory:

Hand Weapons
 a - a +0 trident
 d - a +1 dagger of venom (weapon)
 w - a +2 great sword of holy wrath
Missiles
 e - 156 stones
 g - 5 boomerangs of dispersal
 h - 4 poisoned darts (quivered)
 i - 75 arrows
 p - 20 sling bullets
 D - 30 bolts
Armour
 b - a +2 leather armour of cold resistance (worn)
 t - a +0 pair of gloves (worn)
Magical Staves
 m - a staff of earth
Jewellery
 l - an amulet of magic regeneration (around neck)
 C - a +4 ring of slaying (left hand)
Wands
 x - a wand of iceblast (10)
Scrolls
 c - a scroll of blinking
 j - 3 scrolls of identify {unknown}
 r - a scroll of acquirement {unknown}
 s - a scroll of immolation {unknown}
 v - a scroll of teleportation {unknown}
 y - 2 scrolls of magic mapping {unknown}
 E - a scroll of amnesia {unknown}
Potions
 f - 2 potions of lignification
 k - 3 potions of flight {unknown}
 n - a potion of cancellation {unknown}
 o - a potion of degeneration {unknown}
 q - 2 potions of heal wounds {unknown}
 u - a potion of attraction {unknown}
 z - 2 potions of invisibility {unknown}
 A - a potion of brilliance {unknown}
 B - a potion of ambrosia


   Skills:
 + Level 5.7 Fighting
 + Level 3.3 Short Blades
 + Level 3.3 Long Blades
 + Level 3.3 Axes
 + Level 3.3 Maces & Flails
 + Level 5.7 Polearms
 + Level 3.3 Staves
 + Level 3.3 Slings
 + Level 3.3 Bows
 + Level 3.3 Crossbows
 + Level 4.2 Throwing
 + Level 4.2 Armour
 + Level 5.7 Dodging
 + Level 3.3 Stealth
 + Level 3.3 Shields
 + Level 3.3 Unarmed Combat
 + Level 6.0 Spellcasting
 + Level 2.6 Conjurations
 + Level 2.6 Hexes
 + Level 2.6 Summonings
 + Level 2.6 Necromancy
 + Level 6.1 Translocations
 + Level 2.6 Transmutations
 + Level 2.6 Fire Magic
 + Level 2.6 Ice Magic
 + Level 2.6 Air Magic
 + Level 2.6 Earth Magic
 + Level 2.6 Poison Magic
 + Level 3.6 Invocations
 + Level 3.3 Evocations


You had 17 spell levels left.
You knew the following spells:

 Your Spells              Type           Power      Damage    Failure   Level
a - Blink                 Tloc           38%        N/A       2%          2

Your spell library contained the following spells:

 Spells                   Type           Power      Damage    Failure   Level
 Gell's Gravitas          Tloc           19%        N/A       4%          3
 Lesser Beckoning         Tloc           19%        N/A       4%          3
 Teleport Other           Tloc           19%        N/A       4%          3
 Sandblast                Erth           20%        2d7       7%          1
 Passwall                 Tmut/Erth      8%         N/A       11%         2
 Inner Flame              Hex/Fire       10%        N/A       21%         3
 Stone Arrow              Conj/Erth      20%        3d8       21%         3
 Manifold Assault         Tloc           19%        N/A       41%         5
 Cause Fear               Hex            5%         N/A       56%         4
 Discord                  Hex            5%         N/A       100%        8


Dungeon Overview and Level Annotations

Branches:
Dungeon (6/15)
 Temple: D:4-7

Altars:
Dithmenos
Ru
Sif Muna
Trog
Xom

Annotations:
D:5 exclusion: troll


Innate Abilities, Weirdness & Mutations

You have very sharp teeth.
Your uncanny sense of smell can sniff out nearby items.
Your experience applies equally to all skills.


Message History

The scorpion is moderately wounded.
The scorpion stings you.
You hit the scorpion.
The scorpion looks as sick as possible!
The scorpion is heavily wounded.
The scorpion barely misses you.
You hit the scorpion.
You kill the scorpion!
No target in view!
No target in view!
There is a stone staircase leading up here.
There is an open door here.
There is an open door here.
Found a flail.
There is an open door here. 2 orcs come into view.
The orc shouts! x3
You puncture the orc!
You kill the orc!
The orc throws a boomerang.
The boomerang completely misses you.
Found a robe.
The orc throws a boomerang.
The boomerang closely misses you.
You see here a +0 flail.
The orc zaps a wand.
The bolt of acid hits the orc!!
The acid corrodes the orc!
The orc dies!
The bolt of acid hits you!
The orc throws a boomerang.
The boomerang barely misses you.
You barely miss the orc. You bite the orc.
The orc is moderately wounded.
The orc zaps a wand.
The bolt of acid hits you!!!
Ouch! That really hurt!
* * * LOW HITPOINT WARNING * * *
The acid corrodes you!
You are too injured to fight recklessly!
You are too injured to fight recklessly!
You are too injured to fight recklessly!
You hit the orc.
The orc is severely wounded.
You barely miss the orc.
The orc is severely wounded.
The orc zaps a wand.
The bolt of acid hits you!!
You die...

..................#.. .........
..................#.. .........
..................#..∆ .........
.......)..........# .........
..................#####..........
###########'####)...........#####
.......#.......#............#....
.......#.......#.......... ∆#....
.......#.......#@)...... #...#
.......'.......#o......[ #...#
.......#.......#........ #...#
.......#.......#........ #...#
#########..##..#........ #...#
####..###..##..########. #...#
............#....#....# #...#
............#>...'....# #...#
............#....#....# #...#


You could see an orc.

Vanquished Creatures
  A water moccasin (D:5)
  A black bear (D:6)
  A centaur (D:6)
  An ogre (D:5)
  A phantom (D:5)
  A bullfrog (D:6)
  2 scorpions
  2 howler monkeys
  A centaur zombie (D:6)
  2 hounds
  2 bullfrog skeletons
  An iguana (D:5)
  An orc wizard (D:6)
  2 hound zombies (D:5)
  A mummy (D:5)
  8 gnolls
  7 adders
  2 white imps (D:5)
  An adder skeleton (D:4)
  2 worms
  A dart slug (D:2)
  12 orcs
  2 endoplasms
  3 giant cockroaches
  8 goblins
  4 hobgoblins
  11 jackals
  3 kobolds
  A quokka (D:1)
  9 ball pythons
  6 bats
  4 frilled lizards
  3 kobold zombies (D:5)
  An orc zombie (D:5)
  9 rats
117 creatures vanquished.

Vanquished Creatures (others)
  An orc (D:6)
1 creature vanquished.

Grand Total: 118 creatures vanquished

Notes
Turn   | Place    | Note
-------+----------+-------------------------------------------
     0 | D:1      | Ablot the Gnoll Warper began the quest for the Orb.
     0 | D:1      | Reached XP level 1. HP: 20/20 MP: 6/6
   272 | D:1      | Reached XP level 2. HP: 26/26 MP: 7/7
   284 | D:1      | Learned a level 2 spell: Blink
   335 | D:1      | You fall into a shaft and drop 1 floor!
   569 | D:2      | Noticed a howler monkey
   585 | D:2      | Killed a howler monkey
   586 | D:2      | Reached skill level 1 in Short Blades
   586 | D:2      | Reached skill level 1 in Long Blades
   586 | D:2      | Reached skill level 1 in Axes
   586 | D:2      | Reached skill level 1 in Maces & Flails
   586 | D:2      | Reached skill level 1 in Staves
   586 | D:2      | Reached skill level 1 in Slings
   586 | D:2      | Reached skill level 1 in Bows
   586 | D:2      | Reached skill level 1 in Crossbows
   586 | D:2      | Reached skill level 1 in Stealth
   586 | D:2      | Reached skill level 1 in Shields
   586 | D:2      | Reached skill level 1 in Unarmed Combat
   586 | D:2      | Reached skill level 5 in Spellcasting
   586 | D:2      | Reached skill level 1 in Invocations
   586 | D:2      | Reached skill level 1 in Evocations
   586 | D:2      | Reached XP level 3. HP: 12/31 MP: 7/9
   608 | D:2      | Reached XP level 4. HP: 15/38 MP: 11/11
  1471 | D:2      | Reached skill level 1 in Conjurations
  1471 | D:2      | Reached skill level 1 in Hexes
  1471 | D:2      | Reached skill level 1 in Summonings
  1471 | D:2      | Reached skill level 1 in Necromancy
  1471 | D:2      | Reached skill level 1 in Transmutations
  1471 | D:2      | Reached skill level 1 in Fire Magic
  1471 | D:2      | Reached skill level 1 in Ice Magic
  1471 | D:2      | Reached skill level 1 in Air Magic
  1471 | D:2      | Reached skill level 1 in Earth Magic
  1471 | D:2      | Reached skill level 1 in Poison Magic
  2274 | D:3      | Found a faded altar of an unknown god.
  2462 | D:3      | Reached XP level 5. HP: 40/43 MP: 12/12
  4968 | D:5      | Entered Level 5 of the Dungeon
  5130 | D:5      | Reached XP level 6. HP: 42/50 MP: 13/13
  5595 | D:5      | Reached skill level 5 in Fighting
  5595 | D:5      | Reached skill level 5 in Polearms
  5595 | D:5      | Reached skill level 5 in Dodging
  5595 | D:5      | Noticed a water moccasin
  5623 | D:5      | Killed a water moccasin
  5781 | D:5      | Reached XP level 7. HP: 25/56 MP: 15/15
  5964 | D:5      | Found a bloodstained altar of Trog.
  5988 | D:5      | Found a shimmering blue altar of Sif Muna.
  5989 | D:5      | Found a shadowy altar of Dithmenos.
  5989 | D:5      | Found a sacrificial altar of Ru.
  5992 | D:5      | Found a shimmering altar of Xom.
  6573 | D:5      | Noticed a troll
  7321 | D:6      | Reached XP level 8. HP: 62/63 MP: 16/16
  7773 | D:6      | Killed from afar by an orc

Illustrated notes

Levels and vault maps discovered:
D:1:      scummos_arrival_star, layout_loops_ring
D:2:      layout_basic, minmay_pentomino_r4
D:3:      layout_basic, chequers_ecumenical_altar_simple,
          kennysheep_generic_room_12
D:4:      layout_layer_cave, grunt_ministairs_8, minmay_misc_feat_ornament
D:5:      layout_gridville, mainiacjoe_overflow_surrounded_room,
          grunt_temple_overflow_open, minmay_mini_ossuary
D:6:      minmay_evil_eye, layout_gridville, kennysheep_mini

Skill      XL: |  1  2  3  4  5  6  7  8 |
---------------+-------------------------+-----
Short Blades   | 1 2 3 |  3.3
Long Blades    | 1 2 3 |  3.3
Axes           | 1 2 3 |  3.3
Maces & Flails | 1 2 3 |  3.3
Staves         | 1 2 3 |  3.3
Slings         | 1 2 3 |  3.3
Bows           | 1 2 3 |  3.3
Crossbows      | 1 2 3 |  3.3
Stealth        | 1 2 3 |  3.3
Shields        | 1 2 3 |  3.3
Unarmed Combat | 1 2 3 |  3.3
Spellcasting   | 5 6 |  6.0
Invocations    | 1 2 3 |  3.6
Evocations     | 1 2 3 |  3.3
Conjurations   | 1 2 |  2.6
Hexes          | 1 2 |  2.6
Summonings     | 1 2 |  2.6
Necromancy     | 1 2 |  2.6
Transmutations | 1 2 |  2.6
Fire Magic     | 1 2 |  2.6
Ice Magic      | 1 2 |  2.6
Air Magic      | 1 2 |  2.6
Earth Magic    | 1 2 |  2.6
Poison Magic   | 1 2 |  2.6
Throwing       | 3 4 |  4.2
Armour         | 3 4 |  4.2
Fighting       | 5 |  5.7
Polearms       | 5 |  5.7
Dodging        | 5 |  5.7
Translocations | 6 |  6.1

Action                   |  1- 3 |  4- 6 |  7- 9 || total
-------------------------+-------+-------+-------++-------
Melee: Spear             |    17 |       |       ||    17
       Dagger            |    48 |   258 |    89 ||   395
       Bite              |     5 |    31 |    13 ||    49
       Punch             |     1 |     3 |     3 ||     7
       Great sword       |       |     6 |    29 ||    35
       Trident           |       |     5 |       ||     5
 Cast: Blink             |       |     1 |       ||     1
  Use: Potion            |     1 |     1 |       ||     2
 Stab: Sleeping          |       |       |     1 ||     1
Armor: Leather armour    |    14 |    63 |    30 ||   107
       Skin              |       |    18 |       ||    18
Dodge: Dodged            |    41 |   170 |    75 ||   286
